PL
ATLANTA SMOKE @ BOSTON PATRIOTS
07/25/2021
 
TOP OF THE 1ST
Atlanta Smoke batting - Pitching for Boston Patriots : RHP Jorge Aguirre
Pitching: RHP Jorge Aguirre
Batting: LHB Albert Morán 0-0: Ball
1-0: SINGLE (Groundball, 3D)
Batting: RHB Cale Sutton 0-0: Foul Ball, location: 2F
0-1: Ball
1-1: SINGLE (Groundball, 34D)
Albert Morán to second
Runner from 2nd tries for 3rd, SAFE, throw made to third
Batting: LHB Mike Silver 0-0: Called Strike
0-1: Ball
1-1: Foul Ball, location: 2F
1-2: Ball
2-2: Fly out, F4 (Popup, 3D)
Batting: RHB Bob Campbell 0-0: Called Strike
0-1: Ball
1-1: Ball
2-1: 3-RUN HOME RUN (Flyball, 8RXD), Distance : 435 ft
Batting: LHB Armando Esparza 0-0: Ball
1-0: Fly out, F2 (Popup, 2LF)
Batting: RHB Nathan Horton 0-0: SINGLE (Line Drive, 6M)
Batting: RHB Chae-hyeong Kim 0-0: Ball
1-0: Called Strike
1-1: Foul Ball, location: 2F
1-2: Strikes out swinging
Top of the 1st over - 3 run(s), 4 hit(s), 0 error(s), 1 left on base; Atlanta 3 - Boston 0
BOTTOM OF THE 1ST
Boston Patriots batting - Pitching for Atlanta Smoke : RHP Christian Bates
Pitching: RHP Christian Bates
Batting: RHB Tommy Jones 0-0: Bunted foul
0-1: Fly out, F9 (Flyball, 9S)
Batting: RHB Tamasaburo Kato 0-0: Ball
1-0: Foul Ball, location: 2F
1-1: DOUBLE (Line Drive, 5L)
Batting: LHB Chad Armstrong 0-0: Ball
1-0: Foul Ball, location: 2F
1-1: Foul Ball, location: 2F
1-2: Ground out 4-3 (Groundball, 4)
Tamasaburo Kato to third
Batting: RHB Wilfred McLaughlin 0-0: Ball
1-0: Called Strike
1-1: Ball
2-1: Ball
3-1: Ground out 1-3 (Groundball, 13S)
Bottom of the 1st over - 0 run(s), 1 hit(s), 0 error(s), 1 left on base; Atlanta 3 - Boston 0
TOP OF THE 2ND
Atlanta Smoke batting - Pitching for Boston Patriots : RHP Jorge Aguirre
Batting: RHB Daniel Rose 0-0: Fly out, F7 (Line Drive, 7M)
Batting: LHB Mike Blue 0-0: Swinging Strike
0-1: Ball
1-1: Called Strike
1-2: Strikes out looking
Batting: LHB Albert Morán 0-0: Called Strike
0-1: Swinging Strike
0-2: Ball
1-2: Strikes out swinging
Top of the 2nd over - 0 run(s), 0 hit(s), 0 error(s), 0 left on base; Atlanta 3 - Boston 0
BOTTOM OF THE 2ND
Boston Patriots batting - Pitching for Atlanta Smoke : RHP Christian Bates
Batting: LHB Bill Chambers 0-0: Fly out, F7 (Line Drive, 7D)
Batting: RHB Karl Schultz 0-0: Ball
1-0: Ground out 6-3 (Groundball, 6M)
Batting: RHB Enrique Pérez 0-0: Called Strike
0-1: Fly out, F9 (Flyball, 8RS)
Bottom of the 2nd over - 0 run(s), 0 hit(s), 0 error(s), 0 left on base; Atlanta 3 - Boston 0
TOP OF THE 3RD
Atlanta Smoke batting - Pitching for Boston Patriots : RHP Jorge Aguirre
Batting: RHB Cale Sutton 0-0: Ball
1-0: Ball
2-0: Called Strike
2-1: Ball
3-1: Base on Balls
Batting: LHB Mike Silver 0-0: Called Strike
0-1: Called Strike
0-2: Ball
1-2: Strikes out swinging
Batting: RHB Bob Campbell 0-0: Ball
1-0: 2-RUN HOME RUN (Line Drive, 7LD), Distance : 447 ft
Batting: LHB Armando Esparza 0-0: Ball
1-0: Called Strike
1-1: Foul Ball, location: 2F
1-2: Foul Ball, location: 2F
1-2: Ball
2-2: DOUBLE (Line Drive, 5D)
Batting: RHB Nathan Horton 0-0: Ball
1-0: Called Strike
1-1: Foul Ball, location: 2F
1-2: Strikes out swinging
Batting: RHB Chae-hyeong Kim 0-0: Ball
1-0: Called Strike
1-1: Ball
2-1: SINGLE (Groundball, 56D)
Armando Esparza to third
Runner from 3rd tries for Home, SAFE, no throw or cutoff
Batting: RHB Daniel Rose 0-0: Ball
1-0: Foul Ball, location: 2F
1-1: Ball
2-1: Swinging Strike
2-2: Fly out, F6 (Popup, 6S)
Top of the 3rd over - 3 run(s), 3 hit(s), 0 error(s), 1 left on base; Atlanta 6 - Boston 0
BOTTOM OF THE 3RD
Boston Patriots batting - Pitching for Atlanta Smoke : RHP Christian Bates
Batting: LHB Juan González 0-0: Ball
1-0: Foul Ball, location: 2F
1-1: Ball
2-1: Foul Ball, location: 2F
2-2: Foul Ball, location: 2F
2-2: Ground out 3-1 (Groundball, 3)
Batting: RHB Bob Heller 0-0: Foul Ball, location: 2F
0-1: Ball
1-1: Foul Ball, location: 2F
1-2: Foul Ball, location: 2F
1-2: Ball
2-2: Ball
3-2: Fly out, F7 (Line Drive, 7D)
Batting: RHB Tommy Jones 0-0: Swinging Strike
0-1: Foul Ball, location: 2F
0-2: Ball
1-2: Ground out 6-3 (Groundball, 6)
Bottom of the 3rd over - 0 run(s), 0 hit(s), 0 error(s), 0 left on base; Atlanta 6 - Boston 0
TOP OF THE 4TH
Atlanta Smoke batting - Pitching for Boston Patriots : RHP Jorge Aguirre
Batting: LHB Mike Blue 0-0: Foul Ball, location: 2F
0-1: Foul Ball, location: 2F
0-2: Foul Ball, location: 2F
0-2: Foul Ball, location: 2F
0-2: Foul Ball, location: 2F
0-2: Foul Ball, location: 2F
0-2: Ball
1-2: Ball
2-2: Ground out 3-1 (Groundball, 34)
Batting: LHB Albert Morán 0-0: Ball
1-0: Called Strike
1-1: Foul Ball, location: 2F
1-2: Ball
2-2: Ball
3-2: Strikes out swinging
Batting: RHB Cale Sutton 0-0: Foul Ball, location: 2F
0-1: Ball
1-1: Swinging Strike
1-2: Strikes out swinging
Top of the 4th over - 0 run(s), 0 hit(s), 0 error(s), 0 left on base; Atlanta 6 - Boston 0
BOTTOM OF THE 4TH
Boston Patriots batting - Pitching for Atlanta Smoke : RHP Christian Bates
Batting: RHB Tamasaburo Kato 0-0: SINGLE (Line Drive, 9S)
Batting: LHB Chad Armstrong 0-0: Ball
1-0: Called Strike
1-1: Foul Ball, location: 2F
1-2: Ball
2-2: Foul Ball, location: 2F
2-2: Foul Ball, location: 2F
2-2: Foul Ball, location: 2F
2-2: Ball
3-2: SINGLE (Flyball, 8RS)
Tamasaburo Kato to second
Batting: RHB Wilfred McLaughlin 0-0: Ball
1-0: SINGLE (Groundball, 56D)
Tamasaburo Kato to third
Chad Armstrong to second
Runner from 3rd tries for Home, throw and OUT!
Chad Armstrong to third
Wilfred McLaughlin to second
Batting: LHB Bill Chambers 0-0: Swinging Strike
0-1: Ball
1-1: Ground out 4-3 (Groundball, 4)
Chad Armstrong scores
Wilfred McLaughlin to third
Batting: RHB Karl Schultz 0-0: Ball
1-0: Ball
2-0: Swinging Strike
2-1: Foul Ball, location: 2F
2-2: Ball
3-2: Foul Ball, location: 2F
3-2: Base on Balls
Batting: RHB Enrique Pérez 0-0: Ball
1-0: Ball
2-0: Swinging Strike
2-1: Fly out, F8 (Flyball, 8LD)
Bottom of the 4th over - 1 run(s), 3 hit(s), 0 error(s), 2 left on base; Atlanta 6 - Boston 1
TOP OF THE 5TH
Atlanta Smoke batting - Pitching for Boston Patriots : RHP Jorge Aguirre
Batting: LHB Mike Silver 0-0: Ball
1-0: Foul Ball, location: 2F
1-1: SINGLE (Line Drive, 34D)
Batting: RHB Bob Campbell 0-0: Ball
1-0: Foul Ball, location: 2F
1-1: Grounds into double play, 3-6-3 (Groundball, 3)
Batting: LHB Armando Esparza 0-0: Called Strike
0-1: SINGLE (Groundball, 4MD)
Batting: RHB Nathan Horton 0-0: Called Strike
0-1: Ball
1-1: Foul Ball, location: 2F
1-2: Ball
Wild Pitch!
Armando Esparza to second
2-2: Ground out 1-3 (Groundball, 13S)
Top of the 5th over - 0 run(s), 2 hit(s), 0 error(s), 1 left on base; Atlanta 6 - Boston 1
BOTTOM OF THE 5TH
Boston Patriots batting - Pitching for Atlanta Smoke : RHP Christian Bates
Batting: LHB Juan González 0-0: Called Strike
0-1: Ball
1-1: Ball
2-1: Ground out 4-3 (Groundball, 34)
Batting: RHB Bob Heller 0-0: Ground out 6-3 (Groundball, 6)
Batting: RHB Tommy Jones 0-0: Ball
1-0: Called Strike
1-1: Fly out, F7 (Flyball, 7D)
Bottom of the 5th over - 0 run(s), 0 hit(s), 0 error(s), 0 left on base; Atlanta 6 - Boston 1
TOP OF THE 6TH
Atlanta Smoke batting - Pitching for Boston Patriots : RHP Jorge Aguirre
Pitching: RHP Kyung-un Yi
Batting: RHB Chae-hyeong Kim 0-0: Swinging Strike
0-1: Foul Ball, location: 2F
0-2: Strikes out swinging
Batting: RHB Daniel Rose 0-0: Ball
Reached via error on a dropped throw, E3
Batting: LHB Mike Blue 0-0: Ball
1-0: Called Strike
1-1: Fielders Choice at 2nd, 3-6 (Groundball, 34)
Batting: LHB Albert Morán 0-0: Foul Ball, location: 2F
0-1: Foul Ball, location: 2F
0-2: Fly out, F9 (Flyball, 9LS)
Top of the 6th over - 0 run(s), 0 hit(s), 1 error(s), 1 left on base; Atlanta 6 - Boston 1
BOTTOM OF THE 6TH
Boston Patriots batting - Pitching for Atlanta Smoke : RHP Christian Bates
Batting: RHB Tamasaburo Kato 0-0: Ball
1-0: Ground out 5-3 (Groundball, 5S)
Batting: LHB Chad Armstrong 0-0: Foul Ball, location: 2F
0-1: Ball
1-1: Ground out 1-3 (Groundball, 13S)
Batting: RHB Wilfred McLaughlin 0-0: Foul Ball, location: 2F
0-1: Ball
1-1: Ball
2-1: Ball
3-1: Swinging Strike
3-2: Base on Balls
Batting: LHB Bill Chambers Pickoff Throw to First - Out!
Bottom of the 6th over - 0 run(s), 0 hit(s), 0 error(s), 0 left on base; Atlanta 6 - Boston 1
TOP OF THE 7TH
Atlanta Smoke batting - Pitching for Boston Patriots : RHP Kyung-un Yi
Now in RF: Abílio Conceio
Batting: RHB Cale Sutton 0-0: Called Strike
0-1: Ground out 5-3 (Groundball, 56)
Batting: LHB Mike Silver 0-0: Ball
1-0: Called Strike
1-1: Swinging Strike
1-2: Ball
2-2: Strikes out swinging
Batting: RHB Bob Campbell 0-0: Ball
1-0: Ball
2-0: Ball
3-0: Base on Balls
Batting: LHB Armando Esparza 0-0: Foul Ball, location: 2F
0-1: Ball
1-1: Fly out, F8 (Popup, 8LS)
Top of the 7th over - 0 run(s), 0 hit(s), 0 error(s), 1 left on base; Atlanta 6 - Boston 1
BOTTOM OF THE 7TH
Boston Patriots batting - Pitching for Atlanta Smoke : RHP Christian Bates
Batting: LHB Bill Chambers 0-0: Ball
1-0: Ball
2-0: Foul Ball, location: 2F
2-1: Ground out 6-3 (Groundball, 6M)
Batting: RHB Abílio Conceio 0-0: Ground out 4-3 (Groundball, 34)
Batting: RHB Enrique Pérez 0-0: Ball
1-0: SINGLE (Groundball, 6MD)
Batting: LHB Juan González 0-0: Ball
1-0: Called Strike
1-1: Ball
2-1: Ball
3-1: Called Strike
3-2: Fly out, F8 (Flyball, 78D)
Bottom of the 7th over - 0 run(s), 1 hit(s), 0 error(s), 1 left on base; Atlanta 6 - Boston 1
TOP OF THE 8TH
Atlanta Smoke batting - Pitching for Boston Patriots : RHP Kyung-un Yi
Batting: RHB Nathan Horton 0-0: Called Strike
0-1: Ground out 2-3 (Groundball, 2L)
Batting: RHB Chae-hyeong Kim 0-0: Called Strike
0-1: Foul Ball, location: 2F
0-2: Ball
1-2: Ball
2-2: Strikes out looking
Batting: RHB Daniel Rose 0-0: Foul Ball, location: 2F
0-1: Ball
1-1: Called Strike
1-2: Ball
2-2: Ground out 3-1 (Groundball, 34)
Top of the 8th over - 0 run(s), 0 hit(s), 0 error(s), 0 left on base; Atlanta 6 - Boston 1
BOTTOM OF THE 8TH
Boston Patriots batting - Pitching for Atlanta Smoke : RHP Christian Bates
Batting: RHB Bob Heller 0-0: Ball
1-0: Called Strike
1-1: Fly out, F3 (Popup, 3F)
Batting: RHB Tommy Jones 0-0: Ball
1-0: Ground out 6-3 (Groundball, 6M)
Batting: RHB Tamasaburo Kato 0-0: Ball
1-0: Swinging Strike
1-1: Reached on Error, E8 (Line Drive, 8LM)
Batting: LHB Chad Armstrong 0-0: SINGLE (Line Drive, 34D)
Tamasaburo Kato to third
Runner from 3rd tries for Home, SAFE, no throw or cutoff
Batting: RHB Wilfred McLaughlin 0-0: Ball
1-0: Ball
2-0: Ground out 5-3 (Groundball, 56)
Bottom of the 8th over - 1 run(s), 1 hit(s), 1 error(s), 1 left on base; Atlanta 6 - Boston 2
TOP OF THE 9TH
Atlanta Smoke batting - Pitching for Boston Patriots : RHP Kyung-un Yi
Pitching: RHP Roy Robinson
Batting: LHB Mike Blue 0-0: Called Strike
0-1: Fly out, F7 (Flyball, 7M)
Batting: LHB Albert Morán 0-0: Ball
1-0: Called Strike
1-1: Ball
2-1: Swinging Strike
2-2: Strikes out looking
Batting: RHB Cale Sutton 0-0: Swinging Strike
0-1: Called Strike
0-2: Foul Ball, location: 2F
0-2: Strikes out looking
Top of the 9th over - 0 run(s), 0 hit(s), 0 error(s), 0 left on base; Atlanta 6 - Boston 2
BOTTOM OF THE 9TH
Boston Patriots batting - Pitching for Atlanta Smoke : RHP Christian Bates
Batting: LHB Bill Chambers 0-0: Ball
1-0: SINGLE (Line Drive, 6D)
Pitching: RHP Fred Pitts
Batting: RHB Abílio Conceio 0-0: Swinging Strike
0-1: Fly out, F8 (Flyball, 8RXD)
Batting: RHB Enrique Pérez 0-0: Fly out, F8 (Line Drive, 8LD)
Runner from 1st tags up, OUT at 2nd
Bottom of the 9th over - 0 run(s), 1 hit(s), 0 error(s), 0 left on base; Atlanta 6 - Boston 2
This league is powered by Out of the Park Baseball, the baseball management simulation game for PC, Mac and Linux
Friday, January 22nd, 2016 - OOTP Baseball 16.9 Build 39